 Dungeon Crawl Stone Soup version 0.16.0-16-g311141a (console) character file.

82 gw the Firebug (level 4, 0/36 HPs)
             Began as a Hill Orc Fire Elementalist on Mar 20, 2015.
             Slain by a bat (1 damage)
             ... on level 2 of the Dungeon.
             The game lasted 00:02:11 (2268 turns).

gw the Firebug (Hill Orc Fire Elementalist)         Turns: 2268, Time: 00:02:12

Health: 0/36       AC:  2    Str: 10    XL:     4   Next: 43%
Magic:  2/8        EV: 12    Int: 16    God:
Gold:   92         SH:  0    Dex: 11    Spells: 3 memorised, 0 levels left

rFire  . . .     SeeInvis .     b - +0 hand axe
rCold  . . .     Clarity  .     a - +0 robe
rNeg   . . .     SustAb   .     (no shield)
rPois  .         Gourm    .     (no helmet)
rElec  .         Spirit   .     (no cloak)
rCorr  +         Warding  .     (no gloves)
rMut   .         Stasis   .     (no boots)
MR     .....                    f - amulet of resist corrosion
Stlth  ++........               (no ring)
                                (no ring)

@: not resistant to hostile enchantments, unstealthy
A: no striking features
a: no special abilities


You were on level 2 of the Dungeon.
You were very hungry.

You visited 1 branch of the dungeon, and saw 2 of its levels.

You collected 92 gold pieces.

Inventory:

Hand weapons
 b - a +0 hand axe (weapon)
Missiles
 e - 86 stones (quivered)
Armour
 a - a +0 robe (worn)
Jewellery
 f - an amulet of resist corrosion (around neck)
Scrolls
 c - a scroll of noise {unknown}
 g - a scroll of teleportation
 h - a scroll of identify {unknown}
 i - 4 scrolls of remove curse
Potions
 d - 2 potions of curing
Books
 j - a book of Flames

   Spells                             Type                      Level
   a - Flame Tongue                   Conjuration/Fire             1
   b - Throw Flame                    Conjuration/Fire             2
   c - Conjure Flame                  Conjuration/Fire             3
   d - Inner Flame                    Hexes/Fire                   3
   e - Sticky Flame                   Conjuration/Fire             4
   f - Fireball                       Conjuration/Fire             5


   Skills:
 + Level 2.0 Fighting
 + Level 1.8 Axes
 + Level 1.2 Armour
 - Level 1.5 Dodging
 - Level 1.5 Stealth
 * Level 2.4 Spellcasting
 - Level 1.0 Conjurations
 + Level 3.5 Fire Magic


You couldn't memorise any spells.
You knew the following spells:

 Your Spells              Type           Power        Failure   Level  Hunger
a - Flame Tongue          Conj/Fire      #....        10%         1    #......
b - Throw Flame           Conj/Fire      #.....       14%         2    ###....
c - Sticky Flame          Conj/Fire      #.......     85%         4    #####..


Dungeon Overview and Level Annotations

Branches:
Dungeon (2/15)

Altars:


Message History

The bat closely misses you. The bat barely misses you.
The bat closely misses you.
You see here a jackal corpse.
Unknown command.
Unknown command.
Unknown command.
MOVING TO (0,-7)
The bat barely misses you. x2
Unknown command.
Unknown command.
Unknown command.
MOVING TO (0,-6)
The bat closely misses you. x2
Your magical contamination has completely faded away.
Unknown command.
Unknown command.
Unknown command.
MOVING TO (0,-5)
The bat hits you but does no damage. The bat hits you.
You die...

##...###...###...###...#
.......................#
................$......#
......................#
##...###...###.%.# .#
#...# #..)# #.).# ..#
##...###...###...###..#
......................#
................o.....#
%...............bb....#
##...###...###...###..#
#...# #...# #..%# ..#
#...# #...# #...# .#
......................#
......................#
.......................#
##...###...###...###...#


You could see 2 bats.

Table legend:
 A = Turns spent in this place as a percentage of turns spent in the entire game.
 B = Non-inter-level travel turns spent in this place as a percentage of non-inter-level travel turns spent in the entire game.
 C = Inter-level travel turns spent in this place as a percentage of turns spent in this place.
 D = Turns resting spent in this place as a percentage of non-inter-level travel turns spent in this place.
 E = Turns spent auto-exploring this place as a percentage of non-inter-level travel turns spent in this place.
 F = Non-inter-level travel turns spent in this place divided by the number of levels of this place that you've seen.
                   A       B       C       D       E      F
               +-------+-------+-------+-------+-------+----------------------
         Total | 100.0 | 100.0 |   0.2 |   3.2 |   2.2 | 1343.5
       Dungeon | 100.0 | 100.0 |   0.2 |   3.2 |   2.2 | 1343.5
               +-------+-------+-------+-------+-------+----------------------

Table legend:
 A = Kills in this place as a percentage of kills in entire the game.
 B = Kills by you in this place as a percentage of kills by you in the entire game.
 C = Kills by friends in this place as a percentage of kills by friends in the entire game.
 D = Other kills in this place as a percentage of other kills in the entire game.
 E = Experience gained in this place as a percentage of experience gained in the entire game.
 F = Experience gained in this place divided by the number of levels of this place that you have seen.
                   A       B       C       D       E      F
               +-------+-------+-------+-------+-------+----------------------
         Total | 100.0 | 100.0 |  -nan |  -nan | 100.0 |  59.0
       Dungeon | 100.0 | 100.0 |  -nan |  -nan | 100.0 |  59.0
               +-------+-------+-------+-------+-------+----------------------

Vanquished Creatures
  4 adders
  A worm (D:2)
  A ball python (D:1)
  7 bats
  A giant cockroach (D:1)
  A goblin (D:1)
  4 hobgoblins
  5 jackals
  6 kobolds
  2 giant newts (D:1)
  11 rats
43 creatures vanquished.

Notes
Turn   | Place    | Note
--------------------------------------------------------------
     0 | D:1      | gw, the Hill Orc Fire Elementalist, began the quest for the Orb.
     0 | D:1      | Reached XP level 1. HP: 14/14 MP: 2/2
   299 | D:1      | Reached XP level 2. HP: 20/22 MP: 0/3
   338 | D:1      | Learned a level 2 spell: Throw Flame
   627 | D:1      | Reached skill level 1 in Fighting
   656 | D:1      | Reached skill level 1 in Axes
   786 | D:1      | Reached XP level 3. HP: 28/28 MP: 3/6
  1546 | D:2      | Reached skill level 1 in Armour
  1773 | D:2      | Reached XP level 4. HP: 35/35 MP: 2/8
  1831 | D:2      | Learned a level 4 spell: Sticky Flame
  2263 | D:2      | HP: 1/36 [bat (1)]
  2268 | D:2      | Slain by a bat

Action                   |  1- 3 |  4- 6 || total
-------------------------+-------+-------++-------
Melee: Hand axe          |     7 |       ||     7
Throw: Stone             |    25 |    21 ||    46
 Cast: Flame Tongue      |    26 |    25 ||    51
       Throw Flame       |    20 |     7 ||    27
  Use: Potion            |     3 |       ||     3
       Scroll            |     2 |       ||     2
  Eat: Meat ration       |     1 |       ||     1
       Chunk             |     1 |       ||     1

Vault maps used:
D:1:      minmay_arrival_checkered_box
D:2:      kennysheep_the_goblin_king, kennysheep_boxes
